 Dungeon Crawl Stone Soup version 0.22-a0-618-gd6a3efe (webtiles) character file.

71 sking99 the Insei (level 4, -1/33 HPs)
             Began as a Merfolk Transmuter on July 13, 2018.
             Slain by a gnoll
             ... wielding a +0 halberd
              (11 damage)
             ... on level 2 of the Dungeon.
             The game lasted 00:04:44 (2862 turns).

sking99 the Insei (Merfolk Transmuter)              Turns: 2862, Time: 00:04:45

Health: -1/33      AC:  2    Str: 10    XL:     4   Next: 24%
Magic:  6/7        EV: 13    Int: 13    God:
Gold:   113        SH:  0    Dex: 14    Spells: 4/7 levels left

rFire    . . .     SeeInvis .     - Unarmed
rCold    . . .     Gourm    .   (no shield)
rNeg     . . .     Faith    .   b - +0 robe
rPois    .         Spirit   .   (no helmet)
rElec    .         Reflect  .   (no cloak)
rCorr    .         Harm     .   (no gloves)
MR       .....                  (no boots)
Stlth    +.........             (no amulet)
HPRegen  0.11/turn              (no ring)
MPRegen  0.10/turn              (no ring)

@: appendage
A: change form in water, swift swim, stealthy swim, horns 2
a: End Transformation


You were on level 2 of the Dungeon.
You were not hungry.
You had grown temporary horns.
You visited 1 branch of the dungeon, and saw 2 of its levels.

You collected 113 gold pieces.

Inventory:

Missiles
 a - 28 arrows
Armour
 b - a +0 robe (worn)
Jewellery
 f - a cursed amulet of inaccuracy {unknown}
Scrolls
 c - 2 scrolls of identify {unknown}
 e - a scroll of fear {unknown}
 g - a scroll of fog {unknown}
 j - a scroll of enchant armour {unknown}
Potions
 i - 2 potions of degeneration {unknown}
Comestibles
 d - 4 rations
 h - a chunk of flesh


   Skills:
 + Level 2.1 Fighting
 + Level 3.5 Dodging
 * Level 4.2 Unarmed Combat
 - Level 2.0 Spellcasting
 + Level 3.5 Transmutations


You had 4 spell levels left.
You knew the following spells:

 Your Spells              Type           Power        Failure   Level  Hunger
a - Beastly Appendage     Tmut           ##....       6%          1    ##.....
b - Sticks to Snakes      Tmut           ##......     9%          2    ###....

Your spell library contained the following spells:

 Spells                   Type           Power        Failure   Level  Hunger
 Spider Form              Tmut/Pois      #.........   36%         3    ####...
 Blade Hands              Tmut           ##........   86%         5    ######.
 Ice Form                 Ice/Tmut       #.......     77%         4    #####..


Dungeon Overview and Level Annotations

Branches:
Dungeon (2/15)

Altars:


Innate Abilities, Weirdness & Mutations

You revert to your normal form in water.
You are very nimble and swift while swimming.
You are very stealthy in the water. (Stealth+)
You have a pair of horns on your head.


Message History

You barely miss the gnoll. The gnoll barely misses you.
You closely miss the gnoll. Your headbutt misses the gnoll.
The gnoll hits you but does no damage.
You hit the gnoll.
The gnoll is lightly wounded.
You barely miss the gnoll.
The gnoll is lightly wounded.
The gnoll hits you with a halberd!
You hit the gnoll.
The gnoll is heavily wounded.
The gnoll hits you with a halberd.
You barely miss the gnoll. Your headbutt misses the gnoll.
The gnoll is heavily wounded.
The gnoll hits you with a halberd!
You hit the gnoll but do no damage. You headbutt the gnoll.
The gnoll is heavily wounded.
You hit the gnoll.
The gnoll is almost dead.
The gnoll hits you with a halberd!
You die...

#<###...........# #.#
####........# #.# ##.......#
######.# #.......#
.......#######.......############
#........>.............##........
# #....[.###.......#........... .
#.......##)......####........
#..).(....(.@.#### #........ ###
#.......#####g.### #........
..####.....## ##...############
#..##.......########........
##.(....(..........[..##....
####.......#########... ).
##.....## #### ##...## #####


You could see a gnoll.

Vanquished Creatures
  3 gnolls (D:1)
  An adder (D:2)
  An ooze (D:2)
  2 worms (D:2)
  A leopard gecko (D:1)
  2 giant cockroaches (D:1)
  4 goblins
  3 hobgoblins
  A quokka (D:2)
  3 bats
  A frilled lizard (D:2)
  2 kobolds
  4 rats
28 creatures vanquished.

Notes
Turn   | Place    | Note
-------+----------+-------------------------------------------
     0 | D:1      | sking99 the Merfolk Transmuter began the quest for the Orb.
     0 | D:1      | Reached XP level 1. HP: 15/15 MP: 3/3
   379 | D:1      | Reached XP level 2. HP: 6/21 MP: 5/5
  1793 | D:2      | Reached XP level 3. HP: 24/27 MP: 4/6
  2084 | D:2      | Reached skill level 4 in Unarmed Combat
  2109 | D:2      | Learned a level 2 spell: Sticks to Snakes
  2500 | D:1      | Reached XP level 4. HP: 7/33 MP: 0/7
  2862 | D:2      | Slain by a gnoll

Vault maps used:
D:1:      dpeg_arrival_signposts
D:2:      marbit_many_paths, minmay_split_cup_large, uniq_jessica

Skill      XL: |  1  2  3 |
---------------+----------+-----
Dodging        | 3 |  3.5
Transmutations | 3 |  3.5
Unarmed Combat | 4 |  4.2
Fighting       | 2 |  2.1
Spellcasting   | |  2.0

Action                   |  1- 3 |  4- 6 || total
-------------------------+-------+-------++-------
Melee: Unarmed           |   119 |    11 ||   130
       Headbutt          |     1 |     2 ||     3
 Cast: Beastly Appendage |     5 |     2 ||     7
       Sticks to Snakes  |     3 |       ||     3
  Use: Potion            |     1 |       ||     1
 Stab: Sleeping          |     2 |       ||     2
  Eat: Chunk             |     5 |     1 ||     6
Armor: Robe              |    16 |     1 ||    17
Dodge: Dodged            |    75 |     6 ||    81

Table legend:
 A = Spawn XP
 B = Non-spawn XP
 C = Spawn XP percentage of total XP
 D = Spawn monster count
 E = Non-spawn monster count
 F = Spawn count percentage of total count
 G = Total turns spent on level
                    A         B        C        D         E        F      G
               +---------+---------+-------+---------+---------+-------+---------
         Total |       0 |     102 |   0.0 |       0 |      28 |   0.0 |  2862
               +---------+---------+-------+---------+---------+-------+---------
           D:1 |       0 |      54 |   0.0 |       0 |      12 |   0.0 |  2235
           D:2 |       0 |      48 |   0.0 |       0 |      16 |   0.0 |   627
               +---------+---------+-------+---------+---------+-------+---------
